 Dungeon Crawl Stone Soup version 0.22-a0-293-gc9362ec (webtiles) character file.

115772 grindst0ne the Spry (level 16, -2/86 HPs)
             Began as a Spriggan Enchanter on Mar 24, 2018.
             Was an Initiate of Gozag.
             Killed from afar by a deep elf mage (10 damage)
             ... with a magic dart
             ... on level 1 of the Elven Halls.
             The game lasted 02:38:02 (39815 turns).

grindst0ne the Spry (Spriggan Enchanter)           Turns: 39815, Time: 02:38:02

Health: -2/86      AC:  3    Str: 12    XL:     16   Next: 19%
Magic:  0/26       EV: 35    Int: 16    God:    Gozag
Gold:   691        SH:  0    Dex: 20    Spells: 4/31 levels left

rFire    + + .     SeeInvis +   C - +11 scimitar of Demeahen {pain, rPois rF- Str+6 Int+4}
rCold    + . .     Gourm    .   (shield restricted)
rNeg     + + +     Faith    .   S - +1 robe of the Cockroach {rPois rN+ Dex-3}
rPois    +         Spirit   +   K - +0 hat
rElec    +         Reflect  .   Q - scarf {repulsion}
rCorr    .         Harm     .   (gloves unavailable)
MR       ++...                  (boots unavailable)
Stlth    ++++++....             x - amulet "Boamats" {Spirit Fragile rF+++ rN++}
HPRegen  0.24/turn              a - ring of Heresy {rElec rC+ rN+ Str+2 Int-5}
MPRegen  0.20/turn              P - ring of wizardry

@: repel missiles, very quick
A: very small, unfitting armour, claws 1, see invisible, herbivore, speed 3, low
mp 1, slow metabolism 2
a: Potion Petition, Call Merchant, Bribe Branch, Renounce Religion


You were on level 1 of the Elven Halls.
You worshipped Gozag.
Gozag was pleased with you.
You were very hungry.

You visited 7 branches of the dungeon, and saw 29 of its levels.
You also visited: Ossuary and Ice Cave.

You collected 7942 gold pieces.
You spent 4666 gold pieces at shops.
You donated 38 gold pieces to Zin.
You paid 2547 gold pieces to Gozag.

Inventory:

Hand Weapons
 b - a +0 blowgun
 c - a +2 demon blade of flaming
 C - the +11 scimitar of Demeahen (weapon) {pain, rPois rF- Str+6 Int+4}
   (You found it on level 1 of the Elven Halls)

   In the hands of one skilled in necromantic magic, it inflicts extra damage on
   living creatures.
   It affects your strength (+6).
   It affects your intelligence (+4).
   It makes you vulnerable to fire.
   It protects you from poison.
 W - the +8 mithril axe "Arga" {speed, MR+}
   (You found it on level 6 of the Lair of Beasts)

   Attacks with this weapon are significantly faster.
   It affects your resistance to hostile enchantments.
 Z - a +2 dagger of venom
Missiles
 p - 41 poisoned needles
Armour
 l - a +1 cloak
 K - a +0 hat (worn)
 Q - a scarf of repulsion (worn)
 S - the +1 robe of the Cockroach (worn) {rPois rN+ Dex-3}
   (You bought it in a shop on level 3 of the Lair of Beasts)

   It affects your dexterity (-3).
   It protects you from poison.
   It protects you from negative energy.
 X - a +1 robe of resistance
Magical Staves
 O - an uncursed staff of wizardry
Jewellery
 a - the ring of Heresy (left claw) {rElec rC+ rN+ Str+2 Int-5}
   (You bought it in a shop on level 2 of the Snake Pit)

   [ring of positive energy]

   It affects your strength (+2).
   It affects your intelligence (-5).
   It protects you from cold.
   It insulates you from electricity.
   It protects you from negative energy.
 x - the amulet "Boamats" (around neck) {Spirit Fragile rF+++ rN++}
   (You found it on level 5 of the Dungeon)

   [amulet of guardian spirit]

   It causes incoming damage to be split between your health and magic.
   It renders you almost immune to fire.
   It greatly protects you from negative energy.
   It will be destroyed if unequipped.
 y - an uncursed ring of magical power
 B - a +4 ring of protection
 E - an uncursed ring of ice
 F - an uncursed ring of positive energy
 P - a ring of wizardry (right claw)
Wands
 s - a wand of flame (20)
 v - a wand of digging (3)
 H - a wand of random effects (29)
 I - a wand of paralysis (31)
 M - a wand of polymorph (6)
 V - a wand of enslavement (11)
Scrolls
 f - 12 scrolls of teleportation
 g - a scroll of enchant armour
 i - 5 scrolls of magic mapping
 j - 3 scrolls of fog
 k - 4 scrolls of blinking
 m - 16 scrolls of remove curse
 u - 2 scrolls of brand weapon
 w - 5 scrolls of immolation
 z - 8 scrolls of amnesia
 J - 3 scrolls of holy word
 R - 3 scrolls of fear
 U - a scroll of enchant weapon
Potions
 e - 6 potions of brilliance
 h - 5 potions of heal wounds
 n - 8 potions of flight
 o - 5 potions of lignification
 q - 5 potions of mutation
 r - 6 potions of curing
 t - 2 potions of resistance
 A - a potion of agility
 D - 2 potions of ambrosia
 G - a potion of cancellation
 N - 3 potions of haste
Miscellaneous
 T - a lightning rod (2/4)
Comestibles
 d - 9 rations


   Skills:
 - Level 10.3 Fighting
 + Level 1.1 Short Blades
 - Level 19.2 Dodging
 - Level 15.1 Stealth
 - Level 8.1 Spellcasting
 - Level 15.0 Hexes
 + Level 14.7 Transmutations
 + Level 8.0 Earth Magic
 - Level 6.1 Evocations


You had 4 spell levels left.
You knew the following spells:

 Your Spells              Type           Power        Failure   Level  Hunger
a - Corona                Hex            ######.      0%          1    None
b - Ensorcelled Hibernat  Hex/Ice        ####..       1%          2    None
c - Confuse               Hex            ######..     1%          3    #......
d - Invisibility          Hex            ######..     1%          6    ######.
e - Cause Fear            Hex            ######....   1%          4    ###....
f - Statue Form           Tmut/Erth      #####....    6%          6    ######.
g - Borgnjor's Vile Clut  Necr/Erth      ###.......   24%         5    #####..


Dungeon Overview and Level Annotations

Branches:
Dungeon (15/15)            Temple (1/1) D:7            Lair (6/6) D:9
 Shoals (1/4) Lair:2        Snake (3/4) Lair:3        Slime (0/5) Lair:5
    Orc (2/2) D:9             Elf (1/3) Orc:2        Vaults (0/5) D:14
 Depths (0/5) D:15

Altars:
Ashenzari
Cheibriados
Dithmenos
Elyvilon
Fedhas
Gozag
Hepliaklqana
Kikubaaqudgha
Makhleb
Nemelex Xobeh
Okawaru
Qazlal
Ru
Sif Muna
Trog
Vehumet
Wu Jian
Xom
Yredelemnul
Zin
The Shining One
Beogh

Shops:
D:7 ?   Orc:2 *(:[   Lair:3 [   Lair:6 :   Snake:2 }==   Snake:3 (

Annotations:
D:5 exclusion: 2 downstairs
D:15 1 exclusion
Lair:1 exclusion: downstairs
Lair:3 exclusion: downstairs
Shoals:1 exclusion: orange crystal statue
Snake:2 Vashnia


Innate Abilities, Weirdness & Mutations

You are very small and have problems with some larger weapons.
You are too small for most types of armour.
You have supernaturally acute eyesight. (SInv)
You are a herbivore.
You cover ground extremely quickly.
You need to consume almost no food.
You have sharp fingernails.
Your magical capacity is low. (-10% MP)


Message History

The deep elf mage is moderately wounded.
The halberd of venom completely misses you.
The deep elf mage casts a spell at you.
The lance of force is repelled.
The halberd of venom hits you from afar.
* * * LOW HITPOINT WARNING * * *
The deep elf mage hits you but does no damage.
The deep elf mage completely misses you.
The halberd of venom hits you from afar!
* * * LOW HITPOINT WARNING * * *
You see here a runed hand axe.
You revert to your normal fleshy form.
The +1 robe of the Cockroach {rPois rN+ Dex-3} unmelds from your body.
The halberd of venom hits you from afar!
* * * LOW HITPOINT WARNING * * *
The deep elf mage barely misses you.
The deep elf mage points at you and mumbles some strange words.
The magic dart hits you!
You die...
Your body crumbles into a pile of gold.

#...#...##.#...####.#.. #
#...#......#.###....... #..
#....#..#.........^....
#...######.#..#..#......(.....#.
.........#.......#........#..#..
..............#...........#.##..
.........#.##.#.##........#..#..
......####.##.#.##............#.
...........##.#@##.......##|....
#####.####...e).#####..####.###.
#.## #.##.### ##.# #.# ## #...
#.##.# ##..# #.#
#.#.##(##.######.#.## #.#
####....#.##....##.###.###.#
..........#####...#...#.##.#
####....#### ##.##...##...#
...........# ##.#...#.####


You could see a deep elf mage.

Vanquished Creatures
  Asterion (Elf:1)
  Gastronok (D:12)
  A nagaraja (Snake:3)
  A fire giant (D:15)
  An orc warlord (Orc:2)
  Aizul (Snake:2)
  The ghost of Nib the Fighter, a journeyman DsGl of Makhleb (D:14)
  The ghost of CasualChangeling the Cleaver, a journeyman MiBe of Trog (D:14)
  The ghost of kidcy the Severer, a journeyman HOBe of Trog (D:13)
  2 naga warriors
  A hydra (Lair:2)
  5 centaur warriors
  5 two-headed ogres
  9 anacondas
  A tengu warrior (D:14)
  The ghost of grizmgrazm2 the Purveyor of Pain, a novice DsNe of Kikubaaqudgha (D:10)
  10 naga sharpshooters
  An orc high priest (Orc:2)
  3 shock serpents
  A fire crab (shapeshifter) (D:15)
  3 salamander mystics (Snake:3)
  A death drake (shapeshifter) (D:8)
  3 unseen horrors
  A deep elf archer (Elf:1)
  4 naga ritualists
  Pikel (D:5)
  A wolf spider zombie (D:13)
  7 deep elf magi
  3 orc knights (Orc:2)
  2 mana vipers (Snake:2)
  5 ugly things
  5 cyclopes
  4 orc sorcerers
  8 salamanders
  27 black mambas
  5 elephants (Lair:5)
  2 guardian serpents
  Psyche (D:9)
  17 spiny frogs
  A torpor snail (Lair:4)
  An efreet (D:14)
  10 naga magi
  5 rime drakes
  3 komodo dragons
  A freezing wraith (D:13)
  A yaktaur (D:15)
  A yaktaur (shapeshifter) (Elf:1)
  3 ice devils (IceCv)
  2 kobold demonologists (D:13)
  2 tengu conjurers
  2 polar bears
  6 trolls
  2 dream sheep
  A queen bee (D:11)
  8 hippogriffs
  4 hornets (Lair:6)
  A meliai zombie (D:10)
  Sigmund (D:5)
  A shadow (D:14)
  13 spriggans (Lair:6)
  A wraith (D:14)
  A vampire (D:8)
  3 wyverns
  4 hogs (D:7)
  2 basilisks
  A water elemental (Elf:1)
  A human (D:7)
  34 yaks
  4 hungry ghosts
  3 vampire mosquitoes
  A harpy simulacrum (D:15)
  16 nagas
  Menkaure (D:6)
  2 wargs (Orc:2)
  2 soldier ants
  6 porcupines
  7 water moccasins
  6 sky beasts
  26 orc warriors
  4 slaves (D:5)
  3 phantoms
  7 ice beasts
  6 necrophages
  6 ogres
  7 black bears
  30 wolves
  7 boggarts
  29 centaurs
  5 crocodiles
  2 big kobolds
  An elf zombie (Ossuary)
  20 bullfrogs
  A gnoll sergeant (D:6)
  A wyvern skeleton (D:11)
  4 scorpions
  10 killer bees (D:11)
  5 wights (D:10)
  5 howler monkeys
  11 electric eels
  2 crimson imps
  A bullfrog zombie (D:12)
  A centaur zombie (D:6)
  2 quasits
  4 centaur skeletons
  5 hounds
  11 jellies
  4 bullfrog skeletons
  A gnoll shaman (D:7)
  2 human zombies (Ossuary)
  11 orc priests
  An iguana (D:11)
  23 orc wizards
  9 worker ants
  A big kobold zombie (Ossuary)
  2 hound skeletons
  2 hound zombies (D:7)
  5 mummies
  2 howler monkey zombies
  9 gnolls
  10 adders
  4 shadow imps
  2 oozes (Lair:5)
  2 adder zombies
  3 adder skeletons
  2 worms
  A dart slug (D:1)
  8 leopard geckos
  64 orcs
  A ball python (D:2)
  4 bats
  3 giant cockroaches
  A gnoll zombie (Ossuary)
  4 goblins
  7 hobgoblins
  9 jackals
  4 quokkas
  4 frilled lizards
  A giant cockroach zombie (D:5)
  3 goblin zombies (Ossuary)
  A hobgoblin zombie (Ossuary)
  A jackal zombie (Ossuary)
  15 kobolds
  A kobold zombie (Ossuary)
  A leopard gecko zombie (D:4)
  8 rats
764 creatures vanquished.

Vanquished Creatures (collateral kills)
  A sky beast (D:8)
1 creature vanquished.

Vanquished Creatures (others)
  2 dancing weapons (Elf:1)
  5 dream sheep (D:8)
  A wolf (Lair:5)
  2 orcs (D:15)
  11 fungi
  7 plants
28 creatures vanquished.

Grand Total: 793 creatures vanquished

Notes
Turn   | Place    | Note
-------+----------+-------------------------------------------
     0 | D:1      | grindst0ne the Spriggan Enchanter began the quest for the Orb.
     0 | D:1      | Reached XP level 1. HP: 9/9 MP: 5/5
   225 | D:1      | Reached XP level 2. HP: 13/13 MP: 6/6
   234 | D:1      | Learned a level 2 spell: Ensorcelled Hibernation
   435 | D:1      | Reached skill level 5 in Stealth
   669 | D:2      | Reached skill level 4 in Dodging
   669 | D:2      | Reached XP level 3. HP: 16/16 MP: 5/8
   681 | D:2      | Learned a level 3 spell: Confuse
   827 | D:2      | Found a sacrificial altar of Ru.
  1566 | D:3      | Reached XP level 4. HP: 21/21 MP: 9/9
  1594 | D:3      | Found a deep blue altar of Sif Muna.
  1719 | D:3      | Found a hazy altar of Hepliaklqana.
  2189 | D:4      | Reached skill level 5 in Dodging
  2189 | D:4      | Reached skill level 5 in Hexes
  2189 | D:4      | Reached XP level 5. HP: 24/24 MP: 6/10
  2235 | D:4      | Noticed a black bear
  2243 | D:4      | Killed a black bear
  2772 | D:5      | Entered Level 5 of the Dungeon
  2773 | D:5      | Noticed an ice beast
  2783 | D:5      | Killed an ice beast
  2783 | D:5      | Reached skill level 6 in Dodging
  2783 | D:5      | Reached XP level 6. HP: 28/28 MP: 11/11
  2785 | D:5      | Got a brightly glowing copper amulet
  2787 | D:5      | Identified the amulet "Boamats" {Spirit Fragile rF+++ rN++} (You found it on level 5 of the Dungeon)
  2931 | D:5      | Noticed Sigmund
  2947 | D:5      | Killed Sigmund
  2947 | D:5      | Reached XP level 7. HP: 32/32 MP: 6/12
  3059 | D:5      | Noticed Pikel
  3299 | D:5      | Reached skill level 7 in Dodging
  3834 | D:5      | Found an iron altar of Okawaru.
  3850 | D:5      | Reached skill level 8 in Dodging
  4007 | D:5      | Found an iron altar of Okawaru.
  4055 | D:5      | Reached XP level 8. HP: 36/36 MP: 6/13
  4397 | D:5      | Killed Pikel
  4397 | D:5      | Reached skill level 9 in Dodging
  4397 | D:5      | Reached skill level 10 in Stealth
  4536 | D:6      | Found a snail-covered altar of Cheibriados.
  4966 | D:6      | Reached skill level 10 in Dodging
  5034 | D:6      | Found a burning altar of Makhleb.
  5038 | D:6      | Reached XP level 9. HP: 39/39 MP: 14/14
  5476 | D:6      | Noticed Menkaure
  5483 | D:6      | Killed Menkaure
  5551 | D:6      | Found a shattered altar of Ashenzari.
  5659 | D:6      | Found a shadowy altar of Dithmenos.
  6229 | D:7      | Found an ornate altar of the Wu Jian Council.
  6293 | D:7      | Reached skill level 11 in Dodging
  6395 | D:7      | Reached skill level 10 in Hexes
  6476 | D:7      | Found a sand-covered staircase.
  6488 | Ossuary  | Entered an ossuary
  7001 | D:7      | Reached XP level 10. HP: 43/44 MP: 9/15
  7010 | D:7      | Reached skill level 12 in Dodging
  7296 | D:7      | Found Juem's Magic Scroll Emporium.
  7304 | D:7      | Bought a scroll of magic mapping for 35 gold pieces
  7304 | D:7      | Bought a scroll of blinking for 75 gold pieces
  7304 | D:7      | Bought a scroll of identify for 20 gold pieces
  7308 | D:7      | Bought a scroll of teleportation for 30 gold pieces
  7308 | D:7      | Bought a scroll of identify for 20 gold pieces
  7319 | D:7      | Found a staircase to the Ecumenical Temple.
  7328 | Temple   | Entered the Ecumenical Temple
  7911 | D:8      | Noticed a two-headed ogre
  7923 | D:8      | Killed a two-headed ogre
  7997 | D:8      | Noticed a fire crab
  8116 | D:8      | Reached skill level 13 in Dodging
  8299 | D:8      | Noticed a death drake
  8315 | D:8      | Killed a death drake
  8315 | D:8      | Reached skill level 1 in Fighting
  8550 | D:8      | Found a shimmering altar of Xom.
  8743 | D:8      | Got an iridescent hunting sling
  9024 | Temple   | Became a worshipper of Zin the Law-Giver
  9024 | Temple   | Reached * piety under Zin
  9070 | D:9      | Found a staircase to the Orcish Mines.
  9102 | D:9      | Reached XP level 11. HP: 51/51 MP: 4/16
  9206 | D:9      | Found an opulent altar of Gozag.
  9224 | D:9      | Fell from the grace of Zin
  9224 | D:9      | Became a worshipper of Gozag Ym Sagoz the Greedy
  9246 | D:9      | Reached skill level 15 in Stealth
  9660 | D:9      | You fall through a shaft for 2 floors!
  9704 | D:10     | Entered Level 10 of the Dungeon
  9927 | D:10     | Noticed a two-headed ogre
  9933 | D:10     | Killed a two-headed ogre
 10150 | D:9      | Noticed Psyche
 10186 | D:9      | Killed Psyche
 10226 | D:9      | Found a staircase to the Lair.
 10690 | D:10     | Noticed grizmgrazm2's ghost (novice DsNe)
 10898 | D:10     | Killed grizmgrazm2's ghost
 10898 | D:10     | Reached skill level 5 in Fighting
 12495 | D:12     | Noticed a two-headed ogre
 12497 | D:12     | Noticed a brown ugly thing
 12501 | D:12     | Killed a two-headed ogre
 12641 | Lair:1   | Entered Level 1 of the Lair of Beasts
 12913 | Lair:1   | Reached XP level 12. HP: 65/65 MP: 17/17
 13491 | Lair:1   | Learned a level 6 spell: Invisibility
 13824 | Lair:2   | Identified the cursed +1 hunting sling of the Open Hand {venom, Int+4} (You took it off a vampire on level 8 of the Dungeon)
 13904 | Lair:2   | Noticed a seven-headed hydra
 13982 | Lair:2   | Killed a seven-headed hydra
 14293 | Lair:2   | Reached skill level 5 in Spellcasting
 14326 | Lair:2   | Found a staircase to the Shoals.
 14683 | Lair:3   | Found a staircase to the Snake Pit.
 14955 | Lair:3   | Bought a faintly humming robe for 153 gold pieces
 14965 | Lair:3   | Identified the +1 robe of the Cockroach {rPois rN+ Dex-3} (You bought it in a shop on level 3 of the Lair of Beasts)
 17415 | Lair:5   | Found a staircase to the Slime Pits.
 17585 | Lair:5   | Reached XP level 13. HP: 70/70 MP: 18/26
 17754 | Lair:5   | Reached skill level 14 in Dodging
 18706 | Lair:6   | Entered Level 6 of the Lair of Beasts
 19090 | Lair:6   | Reached skill level 15 in Dodging
 19313 | Lair:6   | Reached skill level 15 in Hexes
 20163 | Lair:6   | Reached skill level 16 in Dodging
 21297 | Lair:6   | Found the +8 mithril axe "Arga" {speed, MR+}
 21698 | D:12     | Reached skill level 17 in Dodging
 21784 | D:12     | Noticed Gastronok
 21804 | D:12     | Killed Gastronok
 22106 | D:12     | Identified a scroll of acquirement
 22216 | D:12     | Reached skill level 10 in Fighting
 22700 | D:13     | Found a frozen archway.
 22710 | D:13     | Noticed kidcy's ghost (journeyman HOBe)
 22729 | IceCv    | Entered an ice cave
 22931 | IceCv    | Reached XP level 14. HP: 43/77 MP: 3/27
 23495 | D:13     | Reached skill level 1 in Evocations
 23528 | D:13     | Killed kidcy's ghost
 23760 | D:13     | Reached skill level 5 in Evocations
 24549 | D:14     | Found a gate to the Vaults.
 24732 | Orc:1    | Entered Level 1 of the Orcish Mines
 24974 | Orc:1    | Reached skill level 18 in Dodging
 25166 | Orc:2    | Entered Level 2 of the Orcish Mines
 25166 | Orc:2    | Found a staircase to the Elven Halls.
 26650 | Orc:2    | Found a roughly hewn altar of Beogh.
 26957 | Orc:2    | Noticed an orc warlord
 26960 | Orc:2    | Found Yhofopox's Book Shoppe.
 26998 | Orc:2    | Killed an orc warlord
 26998 | Orc:2    | Reached skill level 19 in Dodging
 27037 | Orc:2    | Found Begi's Antique Armour Shoppe.
 27041 | Orc:2    | Found Qeriph's Antique Weapon Shoppe.
 27043 | Orc:2    | Found Uculeoh's General Store.
 27073 | Orc:2    | Bought a scroll of teleportation for 42 gold pieces
 27073 | Orc:2    | Bought a scroll of teleportation for 42 gold pieces
 27137 | Orc:2    | Bought the Almanac of Dusty Poisoning for 840 gold pieces
 27137 | Orc:2    | Bought a book of Unlife for 910 gold pieces
 27137 | Orc:2    | Bought a book of Changes for 350 gold pieces
 27137 | Orc:2    | Bought a book of Debilitation for 560 gold pieces
 27137 | Orc:2    | Bought a book of Geomancy for 490 gold pieces
 27186 | Orc:2    | Learned a level 4 spell: Cause Fear
 27243 | Orc:2    | Learned a level 6 spell: Statue Form
 27249 | Orc:2    | Learned a level 5 spell: Borgnjor's Vile Clutch
 27404 | D:14     | Noticed CasualChangeling's ghost (journeyman MiBe)
 27494 | D:14     | Killed CasualChangeling's ghost
 27917 | D:14     | Reached skill level 5 in Transmutations
 28018 | D:14     | Found a sacrificial altar of Ru.
 28019 | D:14     | Noticed Nib's ghost (journeyman DsGl)
 28096 | D:14     | Killed Nib's ghost
 28478 | D:15     | Entered Level 15 of the Dungeon
 28715 | D:15     | Found a staircase to the Depths.
 28715 | D:15     | Noticed a fire giant
 28723 | D:15     | Killed a fire giant
 29107 | D:15     | Found an iron altar of Okawaru.
 29433 | D:15     | Reached XP level 15. HP: 67/81 MP: 14/28
 30313 | D:15     | Reached skill level 10 in Transmutations
 30819 | Snake:1  | Entered Level 1 of the Snake Pit
 31139 | Snake:1  | Reached skill level 1 in Earth Magic
 33805 | Snake:2  | Found Punappih's Gadget Shop.
 33805 | Snake:2  | Found Hisyff's Jewellery Emporium.
 33806 | Snake:2  | Found Neklounk's Jewellery Emporium.
 33816 | Snake:2  | Bought the ring of Heresy {rElec rC+ rN+ Str+2 Int-5} for 589 gold pieces
 33816 | Snake:2  | Bought an uncursed ring of wizardry for 510 gold pieces
 34419 | Snake:2  | Noticed Vashnia
 34605 | Snake:2  | Noticed Aizul
 34621 | Snake:2  | Killed Aizul
 35111 | Snake:2  | Reached skill level 5 in Earth Magic
 37829 | Snake:3  | Noticed a nagaraja
 37843 | Snake:3  | Killed a nagaraja
 37843 | Snake:3  | Reached XP level 16. HP: 63/86 MP: 8/29
 38361 | Shoals:1 | Entered Level 1 of the Shoals
 38486 | Elf:1    | Entered Level 1 of the Elven Halls
 38843 | Elf:1    | Noticed Asterion
 38857 | Elf:1    | Gained mutation: You have sharp fingernails. [a cacodemon]
 38859 | Elf:1    | Gained mutation: Your magical capacity is low. (-10% MP) [a cacodemon]
 38865 | Elf:1    | Killed Asterion
 39031 | Elf:1    | Identified the +11 scimitar of Demeahen {pain, rPois rF- Str+6 Int+4} (You found it on level 1 of the Elven Halls)
 39073 | Elf:1    | HP: 4/86 [poisoned by a halberd of venom]
 39079 | Elf:1    | HP: 3/86 [poisoned by a halberd of venom]
 39087 | Elf:1    | HP: 2/86 [poisoned by a halberd of venom]
 39093 | Elf:1    | HP: 2/86 [poisoned by a halberd of venom]
 39099 | Elf:1    | HP: 2/86 [poisoned by a halberd of venom]
 39106 | Elf:1    | HP: 2/86 [poisoned by a halberd of venom]
 39113 | Elf:1    | HP: 2/86 [poisoned by a halberd of venom]
 39815 | Elf:1    | Killed from afar by a deep elf mage

Vault maps used:
D:1:      minmay_arrival_arboretum_large
D:2:      nicolae_overflow_crystal_walls, nicolae_overflow_hidden_temple,
          item_on_display_a
D:3:      lemuel_crystal_altar, lemuel_round_altar, first_ration,
          minmay_misc_feat_square, minmay_ruptured
D:5:      kennysheep_okawaru_gauntlet, basic_altar, uniq_pikel, uniq_sigmund
D:6:      overflow_temple_1_default, nicolae_dithmenos_the_darkroom,
          lemuel_round_altar, cheibrodos_ashenzari_chains, minmay_bent,
          uniq_menkaure
D:7:      lemuel_crystal_altar, minmay_temple_entry_butterflies,
          gup_ossuary_entry_pyramid, serial_shops, shop, grunt_livestock,
          minmay_misc_feat_rugged, lemuel_flamethrower_2
D:8:      minmay_the_grid_octo_2x2, kb_xom_exploding_sheep
D:9:      overflow_temple_1_default, lair_entry_dummy, orc_0_dummy, uniq_psyche
D:10:     minmay_misc_feat_secret_circle
D:11:     nicolae_looking_at_the_future
D:12:     serial_bayou, serial_bayou_pond_b, serial_bayou_crossing,
          serial_bayou_pond_e, serial_bayou_lake_a, uniq_gastronok
D:13:     portal_ice_cave_entry_pillars_2
D:14:     erik_vaults_1, nicolae_ru_sacrificial_ziggurat
D:15:     grunt_enter_depths_giant_problem, basic_altar,
          hangedman_decor_diamond_cutter
Temple:   eino_temple_lava
Lair:1:   wad_woods_road_05, serial_bayou_shore_a, grunt_megastairs_5
Lair:2:   shoals_dummy_entry, fungi_pond_lemuel, st_stairs_13
Lair:3:   minmay_snake_entry_guardpost_small, kennysheep_catoblepas_arena,
          serial_bayou_shore_b
Lair:4:   bh_chokoban, roderic_carrion_pond
Lair:5:   nicolae_slime_entry_slimehenge, beast_lair_carwin_7
Lair:6:   minmay_lair_end_enchanted_forest, ldierk_geyser
Shoals:1: dpeg_stationary_puzzle
Snake:2:  st_stairs_14, minmay_shop_grove, uniq_vashnia, uniq_aizul
Snake:3:  nrook_guardian_serpent_snake_passage, grunt_ministairs_1,
          nicolae_snake_biting_tails, uniq_saint_roka
Orc:2:    grunt_orc_cross, nicolae_orc_pool_cavern
Elf:1:    eino_elf_arrival_sip, uniq_asterion
Ossuary:  ossuary_minmay_tomb_2a
IceCv:    ice_cave_tombish

Skill      XL: |  1  2  3  4  5  6  7  8  9 10 11 12 13 14 15 16 |
---------------+-------------------------------------------------+-----
Hexes          | 4 5 6 7 8 10 12 14 15 | 15.0
Stealth        | 5 6 7 8 9 11 13 14 15 | 15.1
Dodging        | 4 5 6 8 10 11 13 17 19 | 19.2
Fighting       | 2 8 9 10 | 10.3
Spellcasting   | 8 |  8.1
Evocations     | 6 |  6.1
Transmutations | 9 14 | 14.7
Earth Magic    | 7 8 |  8.0
Short Blades   | |  1.1

Action                   |  1- 3 |  4- 6 |  7- 9 | 10-12 | 13-15 | 16-18 || total
-------------------------+-------+-------+-------+-------+-------+-------++-------
Melee: Dagger            |   112 |    51 |   268 |   662 |  1231 |    64 ||  2388
       Scimitar          |       |       |       |       |       |    32 ||    32
 Fire: Blowgun           |       |       |     7 |       |       |       ||     7
 Cast: Corona            |     4 |     1 |       |       |       |       ||     5
       Ensorcelled Hiber |    10 |    13 |    62 |   149 |   380 |     3 ||   617
       Confuse           |       |     4 |    26 |    95 |   314 |    26 ||   465
       Statue Form       |       |       |       |       |       |     5 ||     5
Invok: Call Merchant     |       |       |       |     1 |     2 |       ||     3
 Abil: End Transformatio |       |       |       |       |       |     1 ||     1
Evoke: Wand              |       |       |       |       |    44 |    10 ||    54
       Box of beasts     |       |       |       |       |     2 |       ||     2
       Lightning rod     |       |       |       |       |     4 |     4 ||     8
  Use: Scroll            |       |       |    14 |     9 |    13 |     2 ||    38
       Potion            |       |       |       |       |     3 |     1 ||     4
 Stab: Sleeping          |    15 |    12 |    51 |   115 |   220 |     5 ||   418
       Confused          |       |     4 |    18 |    51 |   157 |     8 ||   238
       Distracted        |       |       |     3 |     7 |    10 |       ||    20
       Paralysed         |       |       |       |       |     4 |       ||     4
  Eat: Ration            |       |       |     5 |    13 |    15 |     3 ||    36
Armor: Robe              |    10 |     5 |    17 |    59 |    75 |     1 ||   167
       Skin              |       |       |       |       |       |    18 ||    18
Dodge: Dodged            |   113 |    40 |   189 |   595 |  1512 |   163 ||  2612
       Deflected         |       |       |       |     3 |    46 |    10 ||    59
       Rpst.: Scimitar   |       |       |       |       |       |    12 ||    12

Table legend:
 A = Spawn XP
 B = Non-spawn XP
 C = Spawn XP percentage of total XP
 D = Spawn monster count
 E = Non-spawn monster count
 F = Spawn count percentage of total count
 G = Total turns spent on level
                    A         B        C        D         E        F      G
               +---------+---------+-------+---------+---------+-------+---------
         Total |       0 |  165389 |   0.0 |       0 |     763 |   0.0 | 39815
               +---------+---------+-------+---------+---------+-------+---------
           D:1 |       0 |      33 |   0.0 |       0 |      18 |   0.0 |   657
           D:2 |       0 |      52 |   0.0 |       0 |      16 |   0.0 |   771
           D:3 |       0 |      63 |   0.0 |       0 |      15 |   0.0 |   544
           D:4 |       0 |     224 |   0.0 |       0 |      10 |   0.0 |   809
           D:5 |       0 |    1827 |   0.0 |       0 |      24 |   0.0 |  1943
           D:6 |       0 |    1550 |   0.0 |       0 |      29 |   0.0 |  1399
           D:7 |       0 |    1993 |   0.0 |       0 |      28 |   0.0 |  1274
           D:8 |       0 |    4460 |   0.0 |       0 |      37 |   0.0 |  1272
           D:9 |       0 |    1893 |   0.0 |       0 |      22 |   0.0 |  1281
          D:10 |       0 |    3099 |   0.0 |       0 |      28 |   0.0 |  1580
          D:11 |       0 |    3797 |   0.0 |       0 |      42 |   0.0 |  1093
          D:12 |       0 |    8496 |   0.0 |       0 |      39 |   0.0 |  1173
          D:13 |       0 |    8205 |   0.0 |       0 |      31 |   0.0 |  1125
          D:14 |       0 |   10623 |   0.0 |       0 |      37 |   0.0 |  1551
          D:15 |       0 |   10603 |   0.0 |       0 |      30 |   0.0 |  1878
        Lair:1 |       0 |    2329 |   0.0 |       0 |      12 |   0.0 |  1160
        Lair:2 |       0 |    5026 |   0.0 |       0 |      17 |   0.0 |  1104
        Lair:3 |       0 |    4708 |   0.0 |       0 |      22 |   0.0 |  1678
        Lair:4 |       0 |    2261 |   0.0 |       0 |      12 |   0.0 |   843
        Lair:5 |       0 |    8237 |   0.0 |       0 |      38 |   0.0 |  1972
        Lair:6 |       0 |   12885 |   0.0 |       0 |      63 |   0.0 |  2329
       Snake:1 |       0 |   13864 |   0.0 |       0 |      26 |   0.0 |  3205
       Snake:2 |       0 |   13523 |   0.0 |       0 |      21 |   0.0 |  2413
       Snake:3 |       0 |   23570 |   0.0 |       0 |      42 |   0.0 |  1890
         Orc:1 |       0 |    2896 |   0.0 |       0 |      12 |   0.0 |   822
         Orc:2 |       0 |   10325 |   0.0 |       0 |      64 |   0.0 |  2353
         Elf:1 |       0 |    7509 |   0.0 |       0 |       9 |   0.0 |   783
       Ossuary |       0 |     294 |   0.0 |       0 |      16 |   0.0 |   273
         IceCv |       0 |    1044 |   0.0 |       0 |       3 |   0.0 |   510
               +---------+---------+-------+---------+---------+-------+---------
